Cogmind - Beta 12 @@@ ROGUE MODE // 2023.03.14 @ 22:24:37 Player: Runia Result: Destroyed by D-53 Grenadier with Mini Grenade Launcher Performance ------------- Evolutions (0) 0 Regions Visited (4) 800 Robots Destroyed (33) 165 Value Destroyed (504) 504 Prototype IDs (25) 500 Alien Tech Used (0) 0 Bonus (287) 287 TOTAL SCORE: 2256 Bonus ------- Aligned with FarCom 300 Friendly Fire -13 Cogmind --------- Core Integrity 0/250 Matter 115/300 Energy 100/100 System Corruption 0% Temperature Cool (0) Movement Core (1400) Ox27 Location -9/Mines Parts ------- > --- POWER (1) -------- (None) > --- PROPULSION (2) --- (None) > --- UTILITY (2) ------ Huge Storage Unit > --- WEAPON (2) ------- Medium Laser Small Laser > --- INVENTORY (25) --- Improved Ion Engine Light Treads Compact Wheel Disposable Heat Sink Large Storage Unit Huge Storage Unit Huge Storage Unit Large Matter Pod (144) Light Armor Plating Light Armor Plating Light Armor Plating Light Armor Plating Light Armor Plating Light Armor Plating Light Armor Plating Light Armor Plating Hacking Suite Light Assault Rifle Grenade Launcher Peak State ------------ > --- POWER ------------ Improved Ion Engine > --- PROPULSION ------- Light Treads Light Treads > --- UTILITY ---------- Huge Storage Unit Light Armor Plating > --- WEAPON ----------- Medium Laser Small Laser > --- INVENTORY -------- Improved Ion Engine Disposable Heat Sink Large Storage Unit Huge Storage Unit Large Matter Pod Light Armor Plating Light Armor Plating Light Armor Plating Light Armor Plating Light Armor Plating Light Armor Plating Light Armor Plating Light Armor Plating Hacking Suite Light Assault Rifle Grenade Launcher [Rating: 10] Favorites ----------- Power Improved Ion Engine Engine Improved Ion Engine Propulsion Light Treads Treads Light Treads Leg Aluminum Leg Wheel Wheel Utility Light Armor Plating Storage Large Storage Unit Protection Light Armor Plating Weapon Small Laser Energy Gun Small Laser Launcher Grenade Launcher Build | -11 -10 -10 -10 -9 ------- Run | Jun Mat Min Exi Min Slots Evolved . | . . . . . Power . | . . . . . Propulsion . | . . . . . Utility . | . . . . . Weapon . | . . . . . Parts Attached 16 | 2 5 4 . 5 Power 1 | . 1 . . . Engine 1 | . 1 . . . Core . | . . . . . Reactor . | . . . . . Propulsion 4 | 2 . 1 . 1 Treads 2 | 2 . . . . Leg . | . . . . . Wheel 2 | . . 1 . 1 Hover . | . . . . . Flight . | . . . . . Utility 3 | . 2 1 . . Device . | . . . . . Storage 2 | . 1 1 . . Processor . | . . . . . Hackware . | . . . . . Protection 1 | . 1 . . . Artifact . | . . . . . Weapon 8 | . 2 2 . 4 Energy Gun 4 | . 1 1 . 2 Energy Cannon . | . . . . . Ballistic Gun . | . . . . . Ballistic Cannon . | . . . . . Launcher 4 | . 1 1 . 2 Special Weapon . | . . . . . Impact Weapon . | . . . . . Slashing Weapon . | . . . . . Piercing Weapon . | . . . . . Special Melee Weapon . | . . . . . Unidentified Prototypes . | . . . . . Parts Lost 5 | . . . . 5 Power 1 | . . . . 1 Propulsion 3 | . . . . 3 Utility 1 | . . . . 1 Weapon . | . . . . . Highest Loss Streak 5 | . . . . 5 To Critical Strikes . | . . . . . Average Slot Usage (%) 94 | . 87 100 100 98 Engine 14 | . 14 14 14 14 Treads 22 | . 28 26 14 14 Wheel 4 | . . 1 14 12 Storage 14 | . 14 14 14 14 Protection 9 | . 1 14 14 14 Energy Gun 27 | . 28 28 28 24 Naked Turns . | . . . . . Heaviest Build 93 | 13 33 93 93 93 Greatest Support 40 | 40 40 40 10 10 Greatest Overweight (x) 9 | . . 9 9 9 Average Overweight (x) 3 | . . . 9 8 Largest Inventory Capacity 25 | 8 15 25 25 25 Average Capacity 19 | 8 14 19 25 25 Most Carried 20 | 6 15 20 20 20 Average Carried 13 | 5 6 15 20 19 Final Capacity 25 | 8 15 25 25 25 Final Carried 20 | 2 14 20 20 19 Class Distribution -------------------- 100% | Mutant Dominant Class ---------------- Mutant | -10/Materials Mutant | -10/Mines Mutant | -10/Exiles Mutant | -9/Mines Resources | -11 -10 -10 -10 -9 ----------- Run | Jun Mat Min Exi Min Matter Collected 444 | 191 98 155 . . Remotely . | . . . . . Salvage Created 627 | . 250 241 . 136 Parts 53 | . 35 13 . 5 Haulers Intercepted . | . . . . . Recyclers Shooed 1 | . . 1 . . Parts Field Recycled . | . . . . . Retrieved Matter . | . . . . . Parts Self-Destructed . | . . . . . Prevented . | . . . . . Kills | -11 -10 -10 -10 -9 ------- Run | Jun Mat Min Exi Min Combat Hostiles Destroyed 28 | . 12 2 . 14 Guns 8 | . 6 1 . 1 AOE 20 | . 6 1 . 13 Classes Destroyed 9 | . 7 1 . 1 Worker 5 | . 3 2 . . Builder 3 | . 2 1 . . Tunneler 3 | . 1 2 . . Recycler 2 | . . 1 . 1 Operator 1 | . 1 . . . Watcher 2 | . 2 . . . Swarmer 12 | . 9 . . 3 Grunt 5 | . 3 2 . . Assembled 11 | . . . . 11 Best Kill Streak 12 | . 12 3 . 12 Combat Bots Only 11 | . 6 2 . 11 Max Kills in Single Turn 9 | . 9 1 . 3 Gunslinging . | . . . . . Exploded 3 | . 3 1 . 3 Melee . | . . . . . Uniques/NPCs Destroyed . | . . . . . Combat | -11 -10 -10 -10 -9 -------- Run | Jun Mat Min Exi Min Damage Taken 942 | . 197 95 . 650 Core 266 | . 43 10 . 213 Absorbed by Shields . | . . . . . Core Remaining (%) 100 | 100 . . . . Volleys Fired 67 | . 38 16 1 12 Largest 2 | . 2 2 2 2 Hottest 90 | . 90 90 90 90 Shots Fired 117 | . 72 30 2 13 Gun 102 | . 70 28 2 2 Cannon . | . . . . . Launcher 15 | . 2 2 . 11 Special . | . . . . . Kinetic . | . . . . . Thermal 102 | . 70 28 2 2 Explosive 15 | . 2 2 . 11 Electromagnetic . | . . . . . Robot Hit Streak 12 | . 7 12 1 3 Robot Miss Streak 4 | . 4 2 1 . Penetration Max . | . . . . . Secondary Targets . | . . . . . Shots Hit Robots 56 | . 34 19 1 2 Core Hits 62 | . 22 12 . 28 Critical Kills . | . . . . . Critical Parts Destroyed . | . . . . . Critical Strikes 5 | . 4 1 . . Burn 5 | . 4 1 . . Melee Attacks . | . . . . . Impact . | . . . . . Slashing . | . . . . . Piercing . | . . . . . Sneak Attacks . | . . . . . Combat Hostiles . | . . . . . Follow-up Attacks . | . . . . . Damage Inflicted 2740 | . 1496 323 13 908 Guns 684 | . 460 200 13 11 Cannons . | . . . . . Explosions 2056 | . 1036 123 . 897 Melee . | . . . . . Ramming . | . . . . . Kinetic . | . . . . . Thermal 1505 | . 1281 200 13 11 Explosive 1235 | . 215 123 . 897 Electromagnetic . | . . . . . Impact . | . . . . . Slashing . | . . . . . Piercing . | . . . . . Highest Corruption . | . . . . . Average Corruption . | . . . . . Corruption Purged . | . . . . . Corruption Blocked . | . . . . . Overload Shots . | . . . . . Overflow Damage 355 | . 348 . . 7 Projectiles . | . . . . . Explosions 355 | . 348 . . 7 Melee . | . . . . . Knockbacks . | . . . . . Impact . | . . . . . Kinetic . | . . . . . Secondary . | . . . . . Self-Inflicted Damage 79 | . . . . 79 Shots 4 | . . . . 4 Rammed . | . . . . . Targets Rammed . | . . . . . Kicked . | . . . . . Crushed . | . . . . . Highest Temperature 310 | . 310 135 42 39 Average Temperature 81 | . 100 47 28 20 Received Heat Transfer 108 | . 54 54 . . Effects 1 | . 1 . . . Energy Bleed 1 | . 1 . . . Siege Activations . | . . . . . Robots Corrupted . | . . . . . Combat Hostiles . | . . . . . Parts Fried . | . . . . . Impact Corruptions . | . . . . . Robots Melted . | . . . . . Combat Hostiles . | . . . . . Parts Melted 8 | . 6 2 . . Heat Transferred 2754 | . 2085 607 37 25 Parts Sabotaged . | . . . . . Parts Stolen . | . . . . . Parts Stripped . | . . . . . Power Chain Reactions . | . . . . . Missiles Intercepted . | . . . . . Alert | -11 -10 -10 -10 -9 ------- Run | Jun Mat Min Exi Min Peak Influence 377 | . 377 75 . 132 Initial 30 | . . 30 . . Average 95 | . 138 29 . 97 Maximum Alert Level 1 | . 1 . . . Low Security (%) 84 | 100 72 100 . 100 Level 1 15 | . 27 . . . Level 2 . | . . . . . Level 3 . | . . . . . Level 4 . | . . . . . Level 5 . | . . . . . High Security . | . . . . . Max Security . | . . . . . Squads Dispatched 1 | . 1 . . . Investigation . | . . . . . Extermination . | . . . . . Reinforcement 1 | . 1 . . . Assault . | . . . . . Garrison . | . . . . . Intercept . | . . . . . Searches Triggered . | . . . . . Construction Impeded . | . . . . . Haulers Reinforced . | . . . . . Active Scanning Responses . | . . . . . Cargo Convoy Interrupts . | . . . . . Stealth | -11 -10 -10 -10 -9 --------- Run | Jun Mat Min Exi Min Distress Signals 1 | . 1 . . . Communications Jammed . | . . . . . Distress Signals . | . . . . . Times Spotted 40 | . 20 2 . 18 Peak Tracking Total 9 | . 4 2 2 9 Tactical Retreats 2 | . 1 . . 1 Traps | -11 -10 -10 -10 -9 ------- Run | Jun Mat Min Exi Min Traps Triggered . | . . . . . Indirectly . | . . . . . Trap Hack Attempts . | . . . . . Triggered . | . . . . . Disarmed . | . . . . . Reprogrammed . | . . . . . Reused . | . . . . . Traps Extracted . | . . . . . Installed . | . . . . . Triggered . | . . . . . Exploded 1 | . . . 1 . Machines | -11 -10 -10 -10 -9 ---------- Run | Jun Mat Min Exi Min Machines Disabled 10 | . 9 . . 1 Max in Single Turn 9 | . 9 . . 1 Machines Repaired . | . . . . . Machines Sabotaged . | . . . . . Overloaded Fab Kills . | . . . . . Hacking | -11 -10 -10 -10 -9 --------- Run | Jun Mat Min Exi Min Machines Accessed 6 | . 4 . 2 . Terminals 4 | . 4 . . . Fabricators . | . . . . . Repair Stations . | . . . . . Recycling Units . | . . . . . Scanalyzers . | . . . . . Garrison Access . | . . . . . Total Hacks 14 | . 11 . 3 . Successful 7 | . 4 . 3 . Failed 7 | . 7 . . . Catastrophic . | . . . . . Database Lockouts . | . . . . . Manual 1 | . . . 1 . Terminals 11 | . 11 . . . Fabricators . | . . . . . Repair Stations . | . . . . . Recycling Units . | . . . . . Scanalyzers . | . . . . . Garrison Access . | . . . . . Terminal Hacks 7 | . 4 . 3 . Record 2 | . . . 2 . Prototype ID Bank 1 | . 1 . . . Unreport Threat 1 | . 1 . . . Locate Traps 1 | . 1 . . . Hauler Manifests 1 | . 1 . . . EX-Prototype ID Bank 1 | . . . 1 . Fabricator Hacks . | . . . . . Repair Station Hacks . | . . . . . Recycling Unit Hacks . | . . . . . Scanalyzer . | . . . . . Garrison Access Hacks . | . . . . . Unauthorized Hacks . | . . . . . Terminals . | . . . . . Fabricators . | . . . . . Repair Stations . | . . . . . Recycling Units . | . . . . . Scanalyzers . | . . . . . Garrison Access . | . . . . . Data Cores Recovered . | . . . . . Used . | . . . . . Hacking Detections 4 | . 4 . . . Full Trace Events 1 | . 1 . . . Feedback Events . | . . . . . Feedback Blocked . | . . . . . Robot Schematics Acquired . | . . . . . Robots Built . | . . . . . Authchips . | . . . . . Time . | . . . . . Total Robot Build Rating . | . . . . . Part Schematics Acquired . | . . . . . Parts Built . | . . . . . Authchips . | . . . . . Time . | . . . . . Total Part Build Rating . | . . . . . Parts Repaired . | . . . . . Time . | . . . . . Parts Recycled . | . . . . . Recycled Matter . | . . . . . Retrieved Matter . | . . . . . Retrieved Components . | . . . . . Parts Scanalyzed . | . . . . . Part Schematics Acquired . | . . . . . Parts Damaged . | . . . . . Bothacking | -11 -10 -10 -10 -9 ------------ Run | Jun Mat Min Exi Min Used RIF Installer . | . . . . . Robots Hacked . | . . . . . Non-combat . | . . . . . Combat . | . . . . . Robot Hacks Applied . | . . . . . Relay Couplers Released . | . . . . . Fabnet Peak Effective % . | . . . . . Robots Rewired . | . . . . . Allies Hacked . | . . . . . Hacks Repelled . | . . . . . Allies | -11 -10 -10 -10 -9 -------- Run | Jun Mat Min Exi Min Total Allies . | . . . . . Largest Group . | . . . . . Highest-Rated Group . | . . . . . Highest-Rated Ally . | . . . . . Total Orders . | . . . . . Ally Attacks . | . . . . . Total Damage . | . . . . . Kills . | . . . . . Allies Corrupted . | . . . . . Allies Melted . | . . . . . Intel | -11 -10 -10 -10 -9 ------- Run | Jun Mat Min Exi Min Robot Analysis Total . | . . . . . Derelict Logs Recovered 1 | . . 1 . . Drone Launches . | . . . . . Drone Recoveries . | . . . . . Exploration | -11 -10 -10 -10 -9 ------------- Run | Jun Mat Min Exi Min Turns Passed 2048 | 4 822 535 562 125 Spaces Moved 980 | 1 428 246 261 44 Core . | . . . . . Treads 659 | 1 428 230 . . Legs . | . . . . . Wheels 321 | . . 16 261 44 Hover . | . . . . . Flight . | . . . . . Fastest Speed 160 | 160 160 160 215 200 Average Speed 185 | 160 160 194 215 213 Slowest Speed 320 | 160 160 320 215 215 Overloaded Moves . | . . . . . Propulsion Burnouts . | . . . . . Robots Hopped . | . . . . . Cave-ins Triggered . | . . . . . Exploration Rate (%) 43 | 2 77 50 69 20 Regions Visited 4 Branch Regions 3 Pre-discovered Areas 2 | . . 1 1 . Known Exits Taken . | . . . . . Unknown Exits Taken 4 | 1 1 1 1 . Scrap Searched . | . . . . . Spaces Dug 19 | . 9 . . 10 Terrain Destroyed 128 | . 35 12 . 81 Melee . | . . . . . Projectile . | . . . . . AOE 128 | . 35 12 . 81 Terrain Rammed . | . . . . . Walls Destroyed . | . . . . . Machines Disabled . | . . . . . Actions | -11 -10 -10 -10 -9 --------- Run | Jun Mat Min Exi Min Total 1090 | 6 492 270 261 61 Wait 6 | . 6 . . . Move 976 | . 427 245 260 44 Hop . | . . . . . Pick Up 18 | . 13 5 . . Fast Attach 2 | . 2 . . . Attach 3 | 2 . . . 1 Detach . | . . . . . Swap 11 | . 3 4 . 4 Drop 7 | 4 3 . . . Fire 67 | . 38 16 1 12 Melee . | . . . . . Ram . | . . . . . Kick . | . . . . . Crush . | . . . . . Escape Stasis . | . . . . . Rewire . | . . . . . Trap . | . . . . . Miscellaneous . | . . . . . Route ------- -11/Junkyard -10/Materials (discovered 4 exits: [*Mat x3] / [*Min]) -10/Mines -10/Exiles -9/Mines History --------- Turn | Location | Event 5 | -11/Junkyard | Discovered new exit (range 0) 5 | -11/Junkyard | Entered Materials 262 | -10/Materials | Discovered new exit (range 3) 302 | -10/Materials | Build established: Mutant 437 | -10/Materials | Discovered new exit (range 16) 692 | -10/Materials | Discovered new exit (range 9) 776 | -10/Materials | Discovered new exit (range 8) 827 | -10/Materials | Entered Mines 838 | -10/Mines | Met a Derelict bent on vengeance 855 | -10/Mines | Learned location of Zion (-7) 1351 | -10/Mines | Deemed a non-threat by the Exiles lab entrance 1353 | -10/Mines | Discovered new exit (range 5) 1362 | -10/Mines | Entered Exiles 1414 | -10/Exiles | Met 8R-AWN 1451 | -10/Exiles | Met EX-HEX 1552 | -10/Exiles | Met EX-DEC 1631 | -10/Exiles | Met EX-BIN 1655 | -10/Exiles | Aligned with FarCom system 1657 | -10/Exiles | Given EX-Vault access code 1706 | -10/Exiles | Opened EX-Vault 1752 | -10/Exiles | Warned to stay clear of 0b10 Research branches 1793 | -10/Exiles | Exiles lab attacked by MAIN.C 1904 | -10/Exiles | Discovered new exit (range 10) 1922 | -10/Exiles | Attacked by the Exiles 1924 | -10/Exiles | Entered Mines 2012 | -9/Mines | Assembled infested the area 2044 | -9/Mines | Core integrity fell below 50% 2049 | -9/Mines | Destroyed by D-53 Grenadier with Mini Grenade Launcher Last Messages --------------- 02025_ as-57989 destroyed. 02025_ as-95016 destroyed. 02028_ The unstable cave ceiling collapses. 02029_ Destroyed Asb. Hover Unit. 02029_ as-63916 destroyed. 02030_ The unstable cave ceiling collapses. 02033_ as-00760 destroyed. 02034_ Wheel destroyed. 02035_ as-75827 destroyed. 02037_ The unstable cave ceiling collapses. 02038_ as-99355 destroyed. 02040_ Lgt. Armor Plating destroyed. 02042_ C-30 ARC bursts open, deploying its payload. 02042_ D-53 Grenadier unfolds itself. 02043_ K-01 Serf destroyed. 02046_ The unstable cave ceiling collapses. 02047_ Lgt. Treads destroyed. 02047_ Imp. Ion Engine destroyed. 02048_ The unstable cave ceiling collapses. 02049_ Wheel destroyed. Map ----- +----------------------------------------------------+ | | | | | | | | | | | ???????????????????????????????????????????????? | | ???????????????????????????????????????????????? | | ???????????????????????????????????????????????? | | ???????????????????????????????????????????????? | | ???????????????????????????????????????????????? | | ???????????????????????????????????????????????? | | ??????????????????????????????#####?????######## | | ?????????????????????????????## ##????# | | ?????????????????????????????# ##???# ##### | | ?????????????????????????????# ##### #???? | | ????????????????????????????## #???? | | ?????????????????????????#### ##### #???? | | ?????????????????????????# ##???# #???? | | ?????????????????????????# # ##????# ##???? | | ???????????????#?????????# ## ##?????# #????? | | ???????????????# ?????#### ######??????# #????? | | ???????????#???# ?#### ## #???????????# #????? | | ??????????## ## # # ##??????????# #????? | | ??????????# ###????????# #????? | | ??????????# ##??????? #????? | | ???????????# d @ #??????? ????? | | ???????????# % d ##???? ????? | | ???????????## # ## ????? | | ????????????## ?# ????? | | ?????????????## ???## ????? | | ????????????????????# ###### ????? | | ????????????????????## #?????? ??????? | | ????????????????????# #?????????????????? | | ???????????????????# #?????????????????? | | ???????????????????# % #?????????????????? | | ???????????????????## ! #?????????????????? | | ???????????????????? a ?????????????????? | | ???????????????????# # # #?????????????????? | | ???????????????????# % ##?????????????????? | | ???????????????????# # #??????????????????? | | ???????????????????#### # ###??????????????????? | | ??????????????????????# ?#?????????????????????? | | ??????????????????????#$???????????????????????? | | ??????????????????????# ???????????????????????? | | ???????????????????????????????????????????????? | | ???????????????????????????????????????????????? | | ???????????????????????????????????????????????? | | ???????????????????????????????????????????????? | | ???????????????????????????????????????????????? | | ???????????????????????????????????????????????? | +----------------------------------------------------+ Best States ------------- Heat Dissipation 25 Energy Generation 12 Energy Capacity 265 Matter Stores 300 Matter Capacity 300 Sight Range 16 Terrain Scan Density 10 Armor Coverage 150 Evasion (%) 40 Recoil Reduction 2 Item Schematics ----------------- None Robot Schematics ------------------ None Fabricated ------------ Nothing Alien Tech Used ----------------- None Achievements -------------- None Challenges ------------ None Game ------ Seed LayeredCoreScythe Manual? 0 Play Time 00:09:01 Cumulative 773.0 hours Start 2023.03.14 @ 02:59:42 End 2023.03.14 @ 22:24:37 Sessions 3 Manual Loads 0 Difficulty Rogue Special Mode None Game No. 676 Rogue 676 Adventurer 0 Explorer 0 Win Type - Total 35 Types 14/5/6/1/1/1/5/1/1 Lore% 93 Gallery% 97 Achievement% 81 Wizard Run 0 Options --------- ASCII 0 Keyboard 0 Movement Mouse Keybinds 1 Fullscreen 2 Font 24/Smallcaps Map View 76x50 Tactical HUD 1 Map Filters NONE Filters NONE Steam 1 RUN: dd25e6bc-c91c-4ac4-9543-b86ae0fcd4e7